[Event "Titled Tuesday Blitz January 17 Late 2023"]
[White "Mione, Dario"]
[Black "Aguilar, Juan"]
[WhiteFideId "806625"]
[BlackFideId "3800091"]
[WhiteElo "2228"]
[BlackElo "2254"]
[Result "0-1"]
[Round "03"]
[TimeControl "180+2"]
[Date "2023.01.17"]
[WhiteClock "0:00:22"]
[BlackClock "0:00:19"]

1. e4 g6 2. d4 Bg7 3. Nc3 d6 4. Be3 a6 5. Qd2 b5 6. f4 Bb7 7. Bd3 Nd7 8. Nce2 Ngf6 9. Ng3 h5 10. h3 h4 11. e5 hxg3 12. exf6 Nxf6 13. O-O-O Ne4 14. Qe1 Qd7 15. Bxe4 Bxe4 16. Qxg3 Qc6 17. Rd2 a5 18. Nf3 a4 19. Ng5 Bd5 20. Kb1 a3 21. c4 bxc4 22. f5 axb2 23. fxg6 fxg6 24. Rxb2 c3 25. Rc1 Be4+ 26. Nxe4 Qxe4+ 27. Rbc2 Rh5 28. Ka1 Rha5 29. Qg4 Qd5 30. Qxg6+ Kd8 0-1


[Site "https://www.chess.com"]

[Event "Titled Tuesday Blitz January 17 Late 2023"]
[White "Novikov, Evgenij"]
[Black "Herbst, Richard"]
[WhiteFideId "4125380"]
[BlackFideId "2041251"]
[WhiteElo "2276"]
[BlackElo "2120"]
[Result "1-0"]
[Round "03"]
[TimeControl "180+2"]
[Date "2023.01.17"]
[WhiteClock "0:00:10"]
[BlackClock "0:00:21"]

1. e4 Nf6 2. e5 Nd5 3. c4 Nb6 4. a4 a5 5. Ra3 d6 6. exd6 cxd6 7. Rg3 Nc6 8. Nc3 g6 9. h4 h5 10. Nh3 Bg7 11. d3 Bf5 12. Ng5 Be5 13. f4 Bg7 14. Be2 Nd4 15. O-O Nd7 16. Bf3 Nxf3+ 17. Qxf3 Nc5 18. Qe2 O-O 19. Nge4 Nb3 20. Be3 Nd4 21. Qf2 Ne6 22. Nd5 Qd7 23. Nb6 Qc6 24. Nxa8 Rxa8 25. Nc3 Bxd3 26. Nd5 Kf8 27. Rc1 Bf5 28. b3 Nc5 29. Bd4 e5 30. fxe5 Ne4 31. Qf4 Nxg3 32. Qxg3 dxe5 33. Bxe5 Re8 34. Bd6+ Kg8 35. Ne7+ Rxe7 36. Bxe7 Qe4 37. Re1 Bd4+ 38. Kh2 Qc2 39. Qb8+ Kh7 40. Qf8 Qf2 41. Qxf7+ Bg7 42. Bf6 Qxe1 43. Qxg7# 1-0


[Site "https://www.chess.com"]

[Event "Titled Tuesday Blitz January 17 Late 2023"]
[White "Castellanos Hernandez, Emilio Au"]
[Black "Donskov, Anatoly"]
[WhiteFideId "5114179"]
[BlackFideId "24143413"]
[WhiteElo "1964"]
[BlackElo "2279"]
[Result "0-1"]
[Round "03"]
[TimeControl "180+2"]
[Date "2023.01.17"]
[WhiteClock "0:00:13"]
[BlackClock "0:00:10"]

1. d4 d5 2. Bf4 Nf6 3. e3 e6 4. Nf3 Bd6 5. Bg3 c5 6. Nbd2 Qc7 7. Ne5 Nbd7 8. f4 c4 9. c3 b5 10. a3 a5 11. Bh4 Bb7 12. Qf3 O-O 13. g4 b4 14. g5 Ne4 15. Nxe4 dxe4 16. Qh3 Bxe5 17. fxe5 Nb6 18. Qg2 Nd5 19. Qd2 bxc3 20. bxc3 Ra6 21. Bg2 Ne7 22. O-O Rb6 23. Rab1 Rb3 24. Qc2 a4 25. Bxe4 Bxe4 26. Qxe4 Nd5 27. Qc2 Nxe3 28. Qd2 Nxf1 29. Rxf1 Rfb8 30. Bg3 Rb1 31. Qf2 Rxf1+ 32. Qxf1 Qc6 33. h4 Rb3 34. h5 Rxc3 35. Kh2 Rc2+ 36. Kh3 c3 37. h6 Rd2 38. hxg7 c2 39. Qf6 Qh1+ 40. Kg4 Qe4+ 41. Bf4 Rg2+ 42. Kh4 Qe1+ 43. Kh3 Qh1+ 44. Bh2 Qxh2# 0-1


[Site "https://www.chess.com"]

[Event "Titled Tuesday Blitz January 17 Late 2023"]
[White "Garcia Almaguer, Juan Manuel"]
[Black "Cueto, Jonny"]
[WhiteFideId "5110491"]
[BlackFideId "3300145"]
[WhiteElo "2090"]
[BlackElo "2122"]
[Result "1-0"]
[Round "03"]
[TimeControl "180+2"]
[Date "2023.01.17"]
[WhiteClock "0:00:50"]
[BlackClock "0:00:01"]

1. e4 e6 2. d4 d5 3. e5 c5 4. c3 Nc6 5. Nf3 Qb6 6. Bd3 cxd4 7. cxd4 Bd7 8. O-O Nxd4 9. Nxd4 Qxd4 10. Re1 a6 11. Nc3 Ne7 12. Be3 Qxe5 13. Qb3 Bc6 14. Ne2 Nf5 15. Bxf5 Qxf5 16. Nd4 Qe5 17. Nxc6 bxc6 18. Qb7 Qb8 19. Qxc6+ Kd8 20. Bb6+ Ke7 21. Qxd5 Qxb6 22. Qxa8 g6 23. Rad1 Bg7 24. Qf3 Rd8 25. Qa3+ Ke8 26. Rxd8+ Qxd8 27. Qxa6 Kf8 28. Qe2 Kg8 29. Rd1 Qc8 30. g3 h5 31. h4 Qb7 32. b3 Qa7 33. Rd8+ Kh7 34. Qd2 Qb6 35. Rd7 Qa6 36. Rxf7 1-0


[Site "https://www.chess.com"]

[Event "Titled Tuesday Blitz January 17 Late 2023"]
[White "Ortega Ruiz, Jose Miguel"]
[Black "Jordao Barbosa, Marcio"]
[WhiteFideId "2209713"]
[BlackFideId "2116219"]
[WhiteElo "2351"]
[BlackElo "2105"]
[Result "0-1"]
[Round "03"]
[TimeControl "180+2"]
[Date "2023.01.17"]
[WhiteClock "0:01:11"]
[BlackClock "0:01:50"]

1. e4 e6 2. c4 d5 3. cxd5 exd5 4. Qb3 dxe4 5. Bc4 Qe7 6. Nc3 Nf6 7. Nge2 Nc6 8. Bb5 Bd7 9. O-O O-O-O 10. a4 Ne5 11. Bxd7+ Qxd7 12. a5 a6 13. Qc2 Nd3 14. Ra4 Bb4 15. Nxe4 Nxe4 16. Rxb4 Nxb4 17. Qxe4 Nd5 18. Nc3 Rhe8 19. Qxd5 Qxd5 20. Nxd5 Rxd5 21. b4 Rd4 22. Bb2 Rxd2 23. Bxg7 Re4 24. Bf8 Kd7 25. f3 Ree2 26. g4 Rg2+ 27. Kh1 Rxh2+ 28. Kg1 Rdg2# 0-1


[Site "https://www.chess.com"]

[Event "Titled Tuesday Blitz January 17 Late 2023"]
[White "Dahl, Trygve"]
[Black "Kohler, Aran"]
[WhiteFideId "1513427"]
[BlackFideId "1002856"]
[WhiteElo "2206"]
[BlackElo "2010"]
[Result "1-0"]
[Round "03"]
[TimeControl "180+2"]
[Date "2023.01.17"]
[WhiteClock "0:00:51"]
[BlackClock "0:00:03"]

1. c4 e5 2. Nc3 Nf6 3. g3 d5 4. cxd5 Nxd5 5. Bg2 Nxc3 6. bxc3 Be7 7. Nf3 Nc6 8. O-O O-O 9. d3 Be6 10. a4 Re8 11. Rb1 Rb8 12. Nd2 Qd7 13. Ne4 Bh3 14. Be3 Bxg2 15. Kxg2 b6 16. Qb3 Bf8 17. f4 Na5 18. Qa2 Qe6 19. Qxe6 Rxe6 20. Ng5 Re7 21. Bc5 Ree8 22. Bxf8 f6 23. Bb4 fxg5 24. Bxa5 bxa5 25. fxe5 Rxb1 26. Rxb1 Rxe5 27. e4 g4 28. Rb7 c5 29. c4 a6 30. Rb6 Re7 31. Rxa6 Rd7 32. Rxa5 Rxd3 33. Rxc5 Rd2+ 34. Kg1 Ra2 35. a5 g6 36. Rb5 h5 37. c5 Kf7 38. c6 Ke6 39. c7 Kd7 40. Rc5 Kc8 41. e5 Re2 42. a6 Ra2 43. Rc6 g5 44. e6 h4 45. e7 1-0


[Site "https://www.chess.com"]

[Event "Titled Tuesday Blitz January 17 Late 2023"]
[White "Belenkaya, Dina"]
[Black "Floresvillar Gonzalez, Luis Migu"]
[WhiteFideId "24142654"]
[BlackFideId "5100542"]
[WhiteElo "2267"]
[BlackElo "2043"]
[Result "1-0"]
[Round "03"]
[TimeControl "180+2"]
[Date "2023.01.17"]
[WhiteClock "0:01:00"]
[BlackClock "0:00:58"]

1. Nf3 d5 2. g3 c6 3. Bg2 Bg4 4. d3 Nd7 5. Nbd2 h6 6. O-O Ngf6 7. h3 Bh5 8. c3 e5 9. Qc2 Bd6 10. e4 Qe7 11. Re1 O-O 12. Kh2 Rae8 13. Nh4 Nxe4 14. dxe4 d4 15. Nf5 Qe6 16. cxd4 exd4 17. Nxd4 Qf6 18. Nf5 Be5 19. f4 Bc7 20. e5 Qd8 21. Nc4 Bg6 22. Be4 Nxe5 23. Nxe5 Bxe5 24. fxe5 Rxe5 25. Bf4 Rxe4 26. Qxe4 Qb6 27. Ne7+ Kh7 28. Nxg6 fxg6 29. Re2 h5 30. Rd1 Rf6 31. Rd7 h4 32. Qe7 hxg3+ 33. Bxg3 1-0


[Site "https://www.chess.com"]

[Event "Titled Tuesday Blitz January 17 Late 2023"]
[White "Bambino Filho, Antonio Carlos"]
[Black "Cepo, Toni"]
[WhiteFideId "2113163"]
[BlackFideId "4675916"]
[WhiteElo "2144"]
[BlackElo "2145"]
[Result "0-1"]
[Round "03"]
[TimeControl "180+2"]
[Date "2023.01.17"]
[WhiteClock "0:00:39"]
[BlackClock "0:00:45"]

1. e4 e5 2. Nf3 Nf6 3. Nc3 Bb4 4. Nxe5 d6 5. Nd3 Bxc3 6. bxc3 Nxe4 7. Be2 O-O 8. O-O d5 9. Nf4 c6 10. Bf3 Bf5 11. Re1 Nd7 12. c4 Ndf6 13. Rb1 Qd7 14. cxd5 cxd5 15. Bb2 Rfe8 16. d3 Qc7 17. dxe4 dxe4 18. Bxf6 Qxf4 19. Be2 gxf6 20. Rxb7 Rac8 21. Rxa7 e3 22. f3 Rxc2 23. Qd5 Be6 24. Qb5 Rec8 25. Ra4 Qd6 26. Re4 Qd2 27. Qb1 Rc1 0-1


[Site "https://www.chess.com"]

[Event "Titled Tuesday Blitz January 17 Late 2023"]
[White "Stanisz, Patryk"]
[Black "Sreyas Payyappat"]
[WhiteFideId "1123106"]
[BlackFideId "46674969"]
[WhiteElo "2161"]
[BlackElo "2076"]
[Result "0-1"]
[Round "03"]
[TimeControl "180+2"]
[Date "2023.01.17"]
[WhiteClock "0:00:03"]
[BlackClock "0:00:16"]

1. Nf3 Nf6 2. c4 c5 3. Nc3 Nc6 4. g3 Nd4 5. Bg2 Nxf3+ 6. Bxf3 g6 7. O-O Bg7 8. b3 O-O 9. Bb2 d6 10. Bg2 Rb8 11. e3 b6 12. d4 Bb7 13. d5 Nd7 14. Rb1 a6 15. a4 Ba8 16. Qd2 Qc7 17. h3 Rfe8 18. Kh2 e6 19. e4 exd5 20. exd5 Bb7 21. Rbe1 Rbd8 22. Rxe8+ Rxe8 23. Re1 Qd8 24. Rxe8+ Qxe8 25. Ne4 Be5 26. f4 Bxb2 27. Qxb2 Qe7 28. h4 b5 29. Ng5 Nb6 30. a5 Nd7 31. Bh3 Nf6 32. f5 Kg7 33. fxg6 hxg6 34. Bg2 Kh6 35. Bh3 Kg7 36. Bg2 Kg8 37. Bh3 Kf8 38. Qf2 Kg7 39. Qb2 Kh6 40. Qd2 Kg7 41. Qb2 b4 42. Qf2 Ne4 43. Qe3 f5 44. Nxe4 Qxe4 45. Qxe4 fxe4 46. Kg2 Kf6 47. Kf2 Ke5 48. Ke3 Bxd5 49. cxd5 c4 50. bxc4 b3 51. Kd2 e3+ 52. Kxe3 b2 53. Bf5 gxf5 54. h5 b1=Q 55. h6 Qe4+ 56. Kf2 Qh1 57. c5 Qxh6 58. c6 0-1


[Site "https://www.chess.com"]

[Event "Titled Tuesday Blitz January 17 Late 2023"]
[White "Thiel, Thomas"]
[Black "Besedes, Danilo"]
[WhiteFideId "4615964"]
[BlackFideId "946796"]
[WhiteElo "2234"]
[BlackElo "2297"]
[Result "0-1"]
[Round "03"]
[TimeControl "180+2"]
[Date "2023.01.17"]
[WhiteClock "0:00:53"]
[BlackClock "0:01:09"]

1. e4 g6 2. d4 Bg7 3. Nc3 d6 4. Bc4 Nc6 5. Nf3 e5 6. dxe5 Nxe5 7. Nxe5 Bxe5 8. O-O Ne7 9. Bh6 Be6 10. Bxe6 fxe6 11. Ne2 Qd7 12. f4 Bf6 13. Qd2 O-O-O 14. Qe3 Nc6 15. c3 d5 16. e5 Bg7 17. Bxg7 Qxg7 18. Nd4 Ne7 19. Nxe6 Qf7 20. Nxd8 Rxd8 21. Qxa7 Nc6 22. Qe3 Qf5 23. Rad1 Kb8 24. b3 Ne7 25. c4 c6 26. cxd5 Nxd5 27. Qg3 Qc2 28. Qf2 Qf5 29. Rd4 Rf8 30. h3 h5 31. a3 Qe6 32. b4 g5 33. Qe2 Nxf4 34. Qe3 Re8 35. Re1 Qa2 36. b5 Qxg2# 0-1


[Site "https://www.chess.com"]

[Event "Titled Tuesday Blitz January 17 Late 2023"]
[White "Mendez Machado, Andre"]
[Black "Qiao, Cindy"]
[WhiteFideId "6603793"]
[BlackFideId "2620243"]
[WhiteElo "1974"]
[BlackElo "1785"]
[Result "0-1"]
[Round "03"]
[TimeControl "180+2"]
[Date "2023.01.17"]
[WhiteClock "0:00:10"]
[BlackClock "0:01:02"]

1. e4 c5 2. Nc3 Nc6 3. Bb5 Nd4 4. Nf3 a6 5. Bd3 g6 6. Rb1 Bg7 7. b4 d6 8. bxc5 dxc5 9. Na4 Qc7 10. Nb6 Rb8 11. Nxd4 cxd4 12. Ba3 Nf6 13. O-O O-O 14. f4 Re8 15. e5 Nd7 16. Nd5 Qd8 17. Qf3 b5 18. Qe4 Nb6 19. Nxb6 Bb7 20. Qe2 Qxb6 21. f5 Qc6 22. fxg6 hxg6 23. Rf4 Qe6 24. Rbf1 Rf8 25. Qf2 Bd5 26. Bb2 Bxe5 27. Rh4 Bf6 28. Bxd4 Kg7 29. Bxf6+ exf6 30. Qd4 Qe5 31. Qxe5 fxe5 32. Be4 Bxa2 33. Bc6 Be6 34. Re1 Rb6 35. Bf3 Rc8 36. d4 exd4 37. Rxd4 Rxc2 38. Rd8 b4 39. Ra8 b3 40. Rd1 b2 41. Be4 Rc1 42. Rd8 b1=Q 43. Bxb1 Rbxb1 44. Rxc1 Rxc1+ 45. Kf2 a5 46. Ra8 Ra1 47. g4 Ra2+ 48. Kg3 a4 49. h4 a3 50. h5 gxh5 51. gxh5 Rb2 52. Rxa3 Rb3+ 53. Rxb3 Bxb3 54. Kf4 Kh6 55. Kg4 Bd1+ 56. Kf5 Bxh5 57. Kf6 Bg6 58. Ke7 Kh5 59. Kf6 Kg4 60. Kg7 f5 61. Kf6 f4 62. Kxg6 f3 63. Kf6 f2 64. Kg6 f1=Q 0-1


[Site "https://www.chess.com"]

[Event "Titled Tuesday Blitz January 17 Late 2023"]
[White "Batista, Renato Luiz"]
[Black "Forgacs, Attila Jr."]
[WhiteFideId "2106540"]
[BlackFideId "773654"]
[WhiteElo "2174"]
[BlackElo "2264"]
[Result "0-1"]
[Round "03"]
[TimeControl "180+2"]
[Date "2023.01.17"]
[WhiteClock "0:00:06"]
[BlackClock "0:00:07"]

1. e4 e5 2. Nf3 Nc6 3. Bb5 a6 4. Ba4 Nf6 5. O-O Be7 6. Bxc6 dxc6 7. Qe1 O-O 8. d3 Nd7 9. b3 f6 10. Bb2 c5 11. Nbd2 Nb8 12. h3 Nc6 13. Nh2 Nd4 14. Rc1 b6 15. f4 exf4 16. Rxf4 Bd6 17. Rf1 Be5 18. Nc4 Bxh2+ 19. Kxh2 b5 20. Ne3 Qd6+ 21. Kh1 Bb7 22. Bxd4 cxd4 23. Nf5 Qe5 24. Qf2 c5 25. c3 dxc3 26. Qh4 Bc8 27. Rf3 b4 28. Rcf1 Bxf5 29. Rxf5 Qe7 30. Rh5 h6 31. Qg4 Kh8 32. Rff5 Rac8 33. Kh2 c2 34. Qf4 Qc7 35. e5 Rfe8 36. g3 Rxe5 37. Rxe5 fxe5 38. Qd2 Qd6 39. Qxc2 Rd8 40. Qd2 Qxd3 41. Rxh6+ gxh6 42. Qxh6+ Kg8 43. Qe6+ Kf8 44. Qf6+ Kg8 45. Qg5+ Kf7 46. Qh5+ Qg6 47. Qf3+ Qf6 48. Qb7+ Kg6 49. Qe4+ Kg7 50. Qb7+ Kf8 51. Qe4 Rd2+ 0-1


[Site "https://www.chess.com"]

[Event "Titled Tuesday Blitz January 17 Late 2023"]
[White "Sabar, Ethmane Daouda"]
[Black "Estrada Nieto, Julian"]
[WhiteFideId "19600097"]
[BlackFideId "5101018"]
[WhiteElo "2040"]
[BlackElo "2215"]
[Result "0-1"]
[Round "03"]
[TimeControl "180+2"]
[Date "2023.01.17"]
[WhiteClock "0:00:15"]
[BlackClock "0:01:08"]

1. e4 e5 2. Bc4 Nc6 3. Nf3 Nf6 4. d4 exd4 5. O-O Bc5 6. e5 d5 7. Bb5 Ne4 8. Nxd4 Bd7 9. Bxc6 bxc6 10. Nb3 Bb6 11. N1d2 Nxd2 12. Qxd2 O-O 13. a4 a5 14. Qc3 Qh4 15. g3 Qh3 16. Be3 Rfe8 17. Nc5 Bf5 18. Bd4 h5 19. f4 Bxc5 20. Bxc5 Be4 21. Rf2 Re6 22. Re1 Rg6 23. Re3 h4 24. b3 Re8 25. Qxa5 hxg3 26. Rxg3 Rxg3+ 0-1


[Site "https://www.chess.com"]

[Event "Titled Tuesday Blitz January 17 Late 2023"]
[White "Ferreira, Thales Bond Dias"]
[Black "Davidson, Kevin"]
[WhiteFideId "22777830"]
[BlackFideId "2056810"]
[WhiteElo "2085"]
[BlackElo "2154"]
[Result "0-1"]
[Round "03"]
[TimeControl "180+2"]
[Date "2023.01.17"]
[WhiteClock "0:02:06"]
[BlackClock "0:01:46"]

1. d4 Nf6 2. c4 g6 3. Nc3 Bg7 4. Nf3 d6 5. Bf4 O-O 6. e3 Nfd7 7. Be2 h6 8. h3 e5 9. Bh2 Nc6 10. O-O f5 11. dxe5 dxe5 12. Qb3 g5 13. Rad1 f4 14. Ne4 Qe7 15. Rd2 Nc5 16. Nxc5 Qxc5 17. Rd5 Qe7 18. Rfd1 Kh8 19. R5d2 a5 20. a3 a4 21. Qc2 Bf5 22. Bd3 e4 0-1


[Site "https://www.chess.com"]

[Event "Titled Tuesday Blitz January 17 Late 2023"]
[White "Gutkin, Ilya"]
[Black "ritanovikova"]
[WhiteFideId "16203470"]
[WhiteElo "2273"]
[BlackElo "2148"]
[Result "1/2-1/2"]
[Round "03"]
[TimeControl "180+2"]
[Date "2023.01.17"]
[WhiteClock "0:00:48"]
[BlackClock "0:02:09"]

1. e4 d5 2. exd5 Qxd5 3. Nc3 Qd6 4. d4 Nf6 5. Nf3 a6 6. Be2 Bg4 7. O-O Nc6 8. Be3 e6 9. a3 O-O-O 10. b4 Bxf3 11. Bxf3 Nxd4 12. Bxd4 Qxd4 13. Qe1 Be7 14. Rd1 Qf4 15. Qe2 h5 16. g3 Qh6 17. b5 a5 18. h4 g5 19. hxg5 Qxg5 20. Ne4 Qe5 21. Qe1 1/2-1/2


[Site "https://www.chess.com"]

[Event "Titled Tuesday Blitz January 17 Late 2023"]
[White "Stachanczyk, Jacek"]
[Black "Levine, David"]
[WhiteFideId "1116657"]
[BlackFideId "2011611"]
[WhiteElo "2147"]
[BlackElo "2040"]
[Result "1-0"]
[Round "03"]
[TimeControl "180+2"]
[Date "2023.01.17"]
[WhiteClock "0:01:00"]
[BlackClock "0:01:00"]

1. e4 e5 2. Nf3 Nc6 3. Bb5 a6 4. Ba4 Nf6 5. O-O Be7 6. Re1 b5 7. Bb3 d6 8. c3 O-O 9. h3 Bb7 10. d4 Re8 11. a4 Bf8 12. axb5 axb5 13. Rxa8 Qxa8 14. Bxf7+ Kxf7 15. Ng5+ Ke7 16. dxe5 Nxe5 17. f4 Nc6 18. e5 dxe5 19. fxe5 Nd7 20. Qh5 Ncxe5 21. Bf4 Kd8 22. Bxe5 Rxe5 23. Nf7+ Kc8 24. Nxe5 Nxe5 25. Qe8# 1-0


[Site "https://www.chess.com"]

[Event "Titled Tuesday Blitz January 17 Late 2023"]
[White "Marcolino, Daniel Mattos"]
[Black "Haraguchi, Diego Sashaki"]
[WhiteFideId "2106841"]
[BlackFideId "22729925"]
[WhiteElo "2006"]
[BlackElo "2015"]
[Result "0-1"]
[Round "03"]
[TimeControl "180+2"]
[Date "2023.01.17"]
[WhiteClock "0:00:21"]
[BlackClock "0:01:16"]

1. d4 Nf6 2. Nf3 g6 3. g3 Bg7 4. Bg2 O-O 5. O-O b6 6. c4 Bb7 7. d5 e6 8. Nc3 exd5 9. cxd5 c5 10. e4 d6 11. Re1 Nfd7 12. Qc2 a6 13. a4 Ne5 14. Bf4 Nbd7 15. h4 Nxf3+ 16. Bxf3 Ne5 17. Bg2 Re8 18. h5 g5 19. Bd2 g4 20. Nd1 Qf6 21. Ne3 Bc8 22. Nf5 Bxf5 23. exf5 Nf3+ 24. Bxf3 gxf3 25. Bf4 Qxb2 26. Qxb2 Bxb2 27. Rxe8+ Rxe8 28. Rb1 Bd4 29. Bxd6 Rd8 30. Bf4 Rxd5 31. Rxb6 Rxf5 32. h6 Kf8 33. Bd6+ Ke8 34. Rc6 Kd7 35. Rxa6 Rf6 36. Bxc5 Rxa6 37. Bxd4 Rxa4 38. Be3 Ke6 39. g4 Rxg4+ 40. Kh2 Kf5 41. Kh3 Rg2 42. Bd4 Ke4 43. Be3 Kd3 44. Kh4 Ke2 0-1


[Site "https://www.chess.com"]

[Event "Titled Tuesday Blitz January 17 Late 2023"]
[White "Souza, Gustavo Horokoski De"]
[Black "Mayaud, Raphael"]
[WhiteFideId "2146584"]
[BlackFideId "627151"]
[WhiteElo "1943"]
[BlackElo "2201"]
[Result "1-0"]
[Round "03"]
[TimeControl "180+2"]
[Date "2023.01.17"]
[WhiteClock "0:01:46"]
[BlackClock "0:00:59"]

1. d4 d5 2. c4 Nf6 3. Nf3 c6 4. Nc3 e6 5. Bg5 Bd6 6. e4 O-O 7. e5 Bb4 8. exf6 gxf6 9. Bh6 Nd7 10. Bxf8 Qxf8 11. Bd3 Bxc3+ 12. bxc3 b5 13. cxb5 cxb5 14. Bxb5 Qh6 15. Qd2 Qxd2+ 16. Kxd2 Rb8 17. Bxd7 Bxd7 18. Rab1 Bb5 19. a4 Bxa4 20. Rxb8+ Kg7 21. Ra1 Bc6 22. Rxa7 e5 23. dxe5 fxe5 24. Nxe5 Kf6 25. Nxc6 h5 26. h4 Kf5 27. Nd4+ Kg4 28. Rxf7 Kxh4 29. Nf3+ Kg4 30. Rg8# 1-0


[Site "https://www.chess.com"]

[Event "Titled Tuesday Blitz January 17 Late 2023"]
[White "Adithya A Chullikkad"]
[Black "Kostiukov, Alexandr"]
[WhiteFideId "45078734"]
[BlackFideId "14108100"]
[WhiteElo "2259"]
[BlackElo "2271"]
[Result "0-1"]
[Round "03"]
[TimeControl "180+2"]
[Date "2023.01.17"]
[WhiteClock "0:00:49"]
[BlackClock "0:00:54"]

1. d4 g6 2. c4 Bg7 3. Nc3 d6 4. e4 e5 5. Nf3 exd4 6. Nxd4 Nc6 7. Be3 Nge7 8. f3 O-O 9. Be2 f5 10. O-O fxe4 11. Nxe4 Nf5 12. Nxc6 bxc6 13. Bg5 Qe8 14. Qd2 h6 15. Bf4 g5 16. Bg3 Be6 17. Rfe1 Qf7 18. Rac1 Rae8 19. Bf2 c5 20. Qa5 Nd4 21. Bd3 g4 22. fxg4 Bxg4 23. Bg3 Bf5 24. Rf1 Qg6 25. Qxc7 Bxe4 26. Bxe4 Qxe4 27. Rxf8+ Rxf8 0-1


[Site "https://www.chess.com"]

[Event "Titled Tuesday Blitz January 17 Late 2023"]
[White "Hoffmann, Asa"]
[Black "Bongo Akanga Ndjila, Barthelemy"]
[WhiteFideId "2001470"]
[BlackFideId "10609431"]
[WhiteElo "2185"]
[BlackElo "1824"]
[Result "1-0"]
[Round "03"]
[TimeControl "180+2"]
[Date "2023.01.17"]
[WhiteClock "0:01:08"]
[BlackClock "0:01:06"]

1. d4 d5 2. Bg5 Nf6 3. Nd2 e6 4. e3 Be7 5. Bd3 O-O 6. f4 c5 7. c3 cxd4 8. exd4 Nc6 9. Ngf3 b6 10. O-O a5 11. Ne5 Bb7 12. Qf3 h6 13. Bh4 Qc7 14. Rae1 Ba6 15. Bxa6 Rxa6 16. f5 Nxe5 17. dxe5 Nh7 18. f6 gxf6 19. exf6 Bc5+ 20. Kh1 Kh8 21. Qh5 Rg8 22. Nf3 Bd6 23. Qxh6 Rg6 24. Qh5 Ra8 25. Ng5 Rxg5 26. Bxg5 Rg8 27. Bh6 Rg6 28. Bg7+ Kg8 29. Re3 d4 30. Qxh7+ Kxh7 31. Rh3+ Rh6 32. Rxh6+ Kg8 33. Rh8# 1-0


[Site "https://www.chess.com"]

[Event "Titled Tuesday Blitz January 17 Late 2023"]
[White "Quinones Garcia, Santiago"]
[Black "Coe, William"]
[WhiteFideId "4408497"]
[BlackFideId "30913624"]
[WhiteElo "2248"]
[BlackElo "2078"]
[Result "1-0"]
[Round "03"]
[TimeControl "180+2"]
[Date "2023.01.17"]
[WhiteClock "0:01:58"]
[BlackClock "0:00:01"]

1. d4 d5 2. c4 e6 3. Nc3 Be7 4. cxd5 exd5 5. Qc2 c6 6. Nf3 Nf6 7. Bg5 O-O 8. e3 h6 9. Bxf6 Bxf6 10. Bd3 Re8 11. O-O Nd7 12. b4 b5 13. Nd2 Nb6 14. Nb3 Nc4 15. Bxc4 bxc4 16. Nc5 a5 17. b5 cxb5 18. Nxb5 Ba6 19. a4 Be7 20. Rfb1 Qc8 21. Qc3 Bxc5 22. dxc5 Qxc5 23. Nd4 Rab8 24. Nf5 f6 25. Qc2 Rxb1+ 26. Rxb1 Re4 27. f3 Re8 28. Nxh6+ Kf8 29. Nf5 g6 30. Nd4 Rxe3 31. Qxg6 Qxd4 32. Qh6+ 1-0


[Site "https://www.chess.com"]

[Event "Titled Tuesday Blitz January 17 Late 2023"]
[White "Dardha, Arben"]
[Black "Djordjevic, Dejan N"]
[WhiteFideId "4700481"]
[BlackFideId "913316"]
[WhiteElo "2262"]
[BlackElo "2167"]
[Result "0-1"]
[Round "03"]
[TimeControl "180+2"]
[Date "2023.01.17"]
[WhiteClock "0:01:47"]
[BlackClock "0:01:36"]

1. e4 c5 2. Nf3 Nc6 3. d4 cxd4 4. Nxd4 Nf6 5. Nc3 Qb6 6. Nb3 e6 7. Be3 Qc7 8. Bd3 a6 9. O-O b5 10. a3 d6 11. f4 Be7 12. Qe1 Rb8 13. Qg3 O-O 14. Rae1 b4 15. axb4 Nxb4 16. e5 Nxd3 17. exf6 Bxf6 18. cxd3 Rxb3 19. Ne4 Bxb2 20. Rb1 f5 21. Ng5 Rb5 22. Kh1 h6 23. Nf3 Bf6 24. Rbc1 Qd7 25. Nd4 Rd5 26. Nc6 Rxd3 27. Nb4 Rb3 28. Nc2 Bb7 29. Nd4 Bxd4 30. Bxd4 Rxg3 31. hxg3 Bd5 32. Bb6 Rc8 33. Ra1 Rc2 34. Rg1 Qe8 0-1


[Site "https://www.chess.com"]

[Event "Titled Tuesday Blitz January 17 Late 2023"]
[White "Lindholt, Malik"]
[Black "Alfaro, William"]
[WhiteFideId "1404490"]
[BlackFideId "6100457"]
[WhiteElo "2177"]
[BlackElo "2134"]
[Result "1-0"]
[Round "03"]
[TimeControl "180+2"]
[Date "2023.01.17"]
[WhiteClock "0:01:08"]
[BlackClock "0:02:09"]

1. e4 c5 2. Nf3 Nc6 3. d4 cxd4 4. Nxd4 Nf6 5. Nc3 e5 6. Ndb5 d6 7. Bg5 a6 8. Na3 b5 9. Bxf6 gxf6 10. Nd5 f5 11. Bd3 Be6 12. c3 Bg7 13. Nc2 O-O 14. a4 bxa4 15. Rxa4 a5 16. O-O Kh8 17. Qh5 fxe4 18. Bxe4 f5 19. Nf6 Rxf6 20. Bxc6 Rc8 21. Bb5 Rh6 22. Qe2 Qh4 23. Rxh4 Rxh4 24. Rd1 d5 25. g3 Rh6 26. Ne3 d4 27. cxd4 exd4 28. Ng2 Bb3 29. Ra1 Re6 30. Qf3 Rc5 31. Qxb3 1-0


[Site "https://www.chess.com"]

[Event "Titled Tuesday Blitz January 17 Late 2023"]
[White "Arbunic Castro, Giovanna"]
[Black "Smith, Garrett L"]
[WhiteFideId "3400549"]
[BlackFideId "2024829"]
[WhiteElo "1930"]
[BlackElo "2047"]
[Result "0-1"]
[Round "03"]
[TimeControl "180+2"]
[Date "2023.01.17"]
[WhiteClock "0:00:11"]
[BlackClock "0:00:21"]

1. e4 c5 2. g3 d5 3. exd5 Qxd5 4. Nf3 Bg4 5. Bg2 Qe6+ 6. Kf1 Nc6 7. h3 Bh5 8. g4 Bg6 9. Nc3 Nf6 10. d3 Qd7 11. Be3 e6 12. Bf4 Be7 13. Ne5 Nxe5 14. Bxe5 O-O 15. Qf3 b5 16. Qxa8 Rxa8 17. Bxa8 c4 18. d4 Bxc2 19. Kg2 b4 20. Ne2 h5 21. gxh5 Nd5 22. Rac1 Be4+ 23. f3 Ne3+ 24. Kf2 Bxa8 25. Kxe3 Bg5+ 26. f4 Bxh1 27. Rxh1 Bf6 28. Bxf6 gxf6 29. Rg1+ Kh7 30. Ng3 f5 31. Nf1 c3 32. bxc3 bxc3 33. Kd3 c2 34. Nh2 Qa4 35. Nf3 Qa3+ 36. Ke2 c1=N+ 37. Kf2 Nd3+ 38. Ke3 Ne5+ 0-1


[Site "https://www.chess.com"]

[Event "Titled Tuesday Blitz January 17 Late 2023"]
[White "Pichot, Alan"]
[Black "Nakamura, Hikaru"]
[WhiteFideId "110973"]
[BlackFideId "2016192"]
[WhiteElo "2638"]
[BlackElo "2775"]
[Result "0-1"]
[Round "04"]
[TimeControl "180+2"]
[Date "2023.01.17"]
[WhiteClock "0:00:02"]
[BlackClock "0:00:57"]

1. e4 e5 2. Nf3 Nc6 3. Bb5 g6 4. c3 a6 5. Ba4 Bg7 6. O-O b5 7. Bb3 Nge7 8. d4 exd4 9. cxd4 d6 10. h3 O-O 11. Re1 Na5 12. Bc2 c5 13. a4 Bb7 14. Nc3 cxd4 15. Nxd4 b4 16. Nce2 Nec6 17. Rb1 d5 18. Nxc6 Bxc6 19. e5 Bxe5 20. Nd4 Bg7 21. Nxc6 Nxc6 22. Bb3 Nd4 23. Be3 Nxb3 24. Qxb3 Qd6 25. Rbd1 Rfd8 26. Rd3 d4 27. Red1 Qc5 28. Rc1 Qf5 29. Bd2 a5 30. Rc7 Rd7 31. Rf3 Qb1+ 32. Rc1 Qe4 33. Re1 Qc6 34. Rc1 Qe4 35. Re1 Qd5 36. Qxd5 Rxd5 37. Re7 d3 38. Rfxf7 Bxb2 39. Rxh7 Bf6 40. Rb7 Rd6 41. Rhf7 Rf8 42. Rxf8+ Kxf8 43. Kf1 Bc3 44. Ke1 Re6+ 45. Kd1 Re2 46. Be3 Ra2 47. Rd7 Ra1+ 48. Bc1 d2 0-1


[Site "https://www.chess.com"]